 Dungeon Crawl Stone Soup version 0.21.1-1-g345015f (webtiles) character file.

74 shakethe the Covered (level 4, -2/29 HPs)
             Began as a Gargoyle Fighter on Feb 20, 2018.
             Killed from afar by Sigmund (9 damage)
             ... with a magic dart
             ... on level 2 of the Dungeon.
             The game lasted 00:01:44 (784 turns).

shakethe the Covered (Gargoyle Fighter)              Turns: 784, Time: 00:01:45

Health: -2/29      AC: 10    Str: 19    XL:     4   Next: 28%
Magic:  4/4        EV:  7    Int: 10    God:
Gold:   26         SH:  9    Dex:  9    Spells: 3/3 levels left

rFire    . . .     SeeInvis .   a - +0 flail
rCold    . . .     Gourm    .   c - +0 shield
rNeg     + . .     Faith    .   b - +0 scale mail
rPois    ∞         Spirit   .   (no helmet)
rElec    +         Reflect  .   (no cloak)
rCorr    .         Harm     .   (no gloves)
MR       .....                  (no boots)
Stlth    ..........             (no amulet)
HPRegen  0.09/turn              (no ring)
MPRegen  0.09/turn              (no ring)

@: no status effects
A: negative energy resistance 1, electricity resistance, unbreathing,
petrification resistance, rot immunity, AC +3
a: no special abilities


You were on level 2 of the Dungeon.
You were not hungry.

You visited 1 branch of the dungeon, and saw 2 of its levels.

You collected 26 gold pieces.

Inventory:

Hand Weapons
 a - a +0 flail (weapon)
Missiles
 q - a throwing net {=f, !d}
Armour
 b - a +0 scale mail (worn)
 c - a +0 shield (worn)
Scrolls
 i - a scroll of enchant armour {unknown}
 k - a scroll of fog {unknown}
 n - a scroll of magic mapping {!r}
Potions
 d - a potion of might
 e - a potion of haste {unknown}
 h - a potion of mutation {!q}
 o - a potion of heal wounds {unknown}
Comestibles
 f - a ration
 g - a chunk of flesh {@w0@w0}


   Skills:
 + Level 4.1 Fighting
 + Level 3.0 Maces & Flails
 + Level 4.2 Armour
 - Level 3.2 Shields


You had 3 spell levels left.
You didn't know any spells.

Dungeon Overview and Level Annotations

Branches:
Dungeon (2/15)

Altars:

Annotations:
D:2 Sigmund


Innate Abilities, Weirdness & Mutations

You are resistant to torment.
Your stone body is resilient. (AC +3)
You are immune to poison.
You resist negative energy. (rN+)
You are resistant to electric shocks. (rElec)
You can survive without breathing.
You are immune to petrification.
You are immune to rotting.


Message History

No target in view!
No target in view!
No target in view!
You open the door.
There is an open door here.
There is an open door here.
You see here a club.
There is an open door here.
There is a stone staircase leading down here.
You climb downwards.
There is a stone staircase leading up here.
i - a scroll labeled UMNIETALIA No target in view!
No target in view!
No target in view!
No target in view!
No target in view!
No target in view!
No target in view!
No target in view!
An adder comes into view.
Natasha, Servant of Life and Death comes into view.
Natasha hisses angrily.
The adder bites you but does no damage.
You barely miss the adder. You block the adder's attack.
Natasha closely misses you. The adder bites you but does no damage.
You thump the adder! The adder bites you but does no damage.
You block Natasha's attack. The adder bites you but does no damage.
You miss the adder. Natasha claws you but does no damage.
The adder closely misses you.
You sock the adder!
You kill the adder!
Your Armour skill increases to level 4!
You block Natasha's attack. Natasha claws you.
You take 4 damage, and have 20/24 hp.
You hit Natasha but do no damage. Natasha barely misses you.
You closely miss Natasha. You block Natasha's attack.
Natasha claws you but does no damage.
Unknown command.
You sock Natasha! Natasha claws you but does no damage.
You hit Natasha. Natasha casts a spell at you. The magic dart hits you!
You take 2 damage, and have 18/24 hp.
You barely miss Natasha. You block Natasha's attack.
Natasha casts a spell.
You hit Natasha but do no damage. Natasha claws you.
The iron imp barely misses you.
You take 2 damage, and have 16/24 hp.
You hit Natasha.
You kill Natasha!
Natasha screams in pain as she dies!
The iron imp disappears in a puff of smoke!
Your Fighting skill increases to level 4!
Your Maces & Flails skill increases to level 3!
You have reached level 4!
You feel clever.
You regained 4 hp, and now have 20/29 hp.
MP restored: 4 You butcher the adder corpse.
g - 2 chunks of flesh {@w0@w0} (gained 1)
Found an escape hatch in the floor.
No target in view!
No target in view!
No target in view!
No target in view!
No target in view!
No target in view!
No target in view!
No target in view!
Some of the chunks of flesh in your inventory have rotted away.
Sigmund the Dreaded comes into view.
He is wielding a scythe.
Sigmund shouts!
There is an escape hatch in the floor here.
Sigmund mumbles some strange words.
Sigmund flickers and vanishes!
Deactivating autopickup; reactivate with Ctrl-A.
Something hits you!
You take 7 damage, and have 15/29 hp.
MASSIVE DAMAGE!!
Something hits you!
* * * LOW HITPOINT WARNING * * *
You take 7 damage, and have 8/29 hp.
MASSIVE DAMAGE!!
You hear some strange, mumbled words.
Something tries to affect you, but you resist.
You are confused.
You bump into the rock wall.
Something hits you but does no damage.
You bump into the rock wall.
Something hits you but does no damage.
You feel less confused. Something hits you but does no damage.
A magic dart appears from out of thin air!
The magic dart hits you!
* * * LOW HITPOINT WARNING * * *
There is a stone staircase leading up here.
You take 3 damage, and have 7/29 hp.
A magic dart appears from out of thin air!
The magic dart hits you!
You die...

#>..# #.#
#########.#
#.#
..........#
#.#
########..#
#.#
#######..#
#.#
.........#
#.#
########.#
#.#
######.###.#
#......{..@#
....###.#####
.. ...# #####


There were no monsters in sight!

Vanquished Creatures
  Natasha (D:2)
  An adder (D:2)
  An ooze (D:1)
  2 dart slugs (D:1)
  A giant cockroach (D:1)
  3 goblins (D:1)
  5 hobgoblins (D:1)
  4 jackals (D:1)
  3 kobolds (D:1)
  8 bats (D:1)
  2 rats (D:1)
31 creatures vanquished.

Notes
Turn   | Place    | Note
-------+----------+-------------------------------------------
     0 | D:1      | shakethe the Gargoyle Fighter began the quest for the Orb.
     0 | D:1      | Reached XP level 1. HP: 14/14 MP: 1/1
     3 | D:1      | Noticed an electric eel
     3 | D:1      | Noticed an electric eel
    72 | D:1      | Reached XP level 2. HP: 19/19 MP: 2/2
   314 | D:1      | Reached XP level 3. HP: 23/24 MP: 3/3
   730 | D:2      | Noticed Natasha
   734 | D:2      | Reached skill level 4 in Armour
   741 | D:2      | Killed Natasha
   741 | D:2      | Reached skill level 4 in Fighting
   741 | D:2      | Reached skill level 3 in Maces & Flails
   741 | D:2      | Reached XP level 4. HP: 20/29 MP: 4/4
   754 | D:2      | Noticed Sigmund
   783 | D:2      | HP: 7/29 [something/magic dart (3)]
   784 | D:2      | Killed from afar by Sigmund

Skill      XL: |  1  2  3 |
---------------+----------+-----
Armour         | 4 |  4.2
Fighting       | 4 |  4.1
Maces & Flails | 3 |  3.0
Shields        | |  3.2

Action                   |  1- 3 |  4- 6 || total
-------------------------+-------+-------++-------
Melee: Flail             |   156 |       ||   156
  Use: Scroll            |     5 |       ||     5
Armor: Scale mail        |   119 |     3 ||   122
Dodge: Dodged            |    62 |       ||    62
Block: Shield            |   100 |       ||   100

Vault maps used:
D:1:      arrival_aquarium_b
D:2:      nicolae_ashenzari_panopticon, uniq_sigmund, uniq_terence,
          uniq_jessica, uniq_natasha

Table legend:
 A = Turns spent in this place as a percentage of turns spent in the entire game.
 B = Non-inter-level travel turns spent in this place as a percentage of non-inter-level travel turns spent in the entire game.
 C = Inter-level travel turns spent in this place as a percentage of turns spent in this place.
 D = Turns resting spent in this place as a percentage of non-inter-level travel turns spent in this place.
 E = Turns spent auto-exploring this place as a percentage of non-inter-level travel turns spent in this place.
 F = Non-inter-level travel turns spent in this place divided by the number of levels of this place that you've seen.
                   A       B       C       D       E      F
               +-------+-------+-------+-------+-------+----------------------
         Total | 100.0 | 100.0 |   2.6 |   0.0 |  60.9 | 382.0
       Dungeon | 100.0 | 100.0 |   2.6 |   0.0 |  60.9 | 382.0
               +-------+-------+-------+-------+-------+----------------------

Table legend:
 A = Kills in this place as a percentage of kills in entire the game.
 B = Kills by you in this place as a percentage of kills by you in the entire game.
 C = Kills by friends in this place as a percentage of kills by friends in the entire game.
 D = Other kills in this place as a percentage of other kills in the entire game.
 E = Experience gained in this place as a percentage of experience gained in the entire game.
 F = Experience gained in this place divided by the number of levels of this place that you have seen.
                   A       B       C       D       E      F
               +-------+-------+-------+-------+-------+----------------------
         Total | 100.0 | 100.0 |   N/A |   N/A | 100.0 |  53.0
       Dungeon | 100.0 | 100.0 |   N/A |   N/A | 100.0 |  53.0
               +-------+-------+-------+-------+-------+----------------------
